 Dungeon Crawl Stone Soup version 0.27-a0-1324-ge0d8e047f6 (webtiles) character file.

Game seed: 9173905193351798719

41 sokol815 the Sneak (level 3, 0/21 HPs)
             Began as an Octopode Ice Elementalist on June 24, 2021.
             Succumbed to an adder's poison
             ... on level 2 of the Dungeon.
             The game lasted 00:03:40 (1749 turns).

sokol815 the Sneak (Octopode Ice Elementalist)      Turns: 1749, Time: 00:03:41

Health: 0/21       AC:  1    Str:  7    XL:     3   Next: 52%
Magic:  2/6        EV: 13    Int: 17    God:
Gold:   38         SH:  0    Dex: 13    Spells: 2/6 levels left

rFire    . . .     SeeInvis .   a - +3 short sword
rCold    . . .     Faith    .   (no shield)
rNeg     . . .     Spirit   .   (helmet restricted)
rPois    .         Reflect  .   (no amulet)
rElec    .         Harm     .   (no ring)
rCorr    .         Rampage  .   (no ring)
Will     .....                  (no ring)
Stlth    ++++......             (no ring)
HPRegen  0.07/turn              (no ring)
MPRegen  0.10/turn              (no ring)
                                (no ring)
                                (no ring)

@: lethally poisoned (0 -> -9), very slightly contaminated
A: almost no armour, amphibious, 8 rings, camouflage 1, gelatinous body 1,
(nimble swimmer 1), tentacles
a: no special abilities


You were on level 2 of the Dungeon.
You visited 1 branch of the dungeon, and saw 2 of its levels.

You collected 38 gold pieces.

Inventory:

Hand Weapons
 a - a +3 short sword (weapon)
   (You took it off a kobold on level 1 of the Dungeon)
 b - a +0 whip
   (You took it off a kobold on level 1 of the Dungeon)
 e - a +0 short sword
   (You took it off a kobold on level 1 of the Dungeon)
 f - a +0 dagger
   (You took it off a kobold on level 1 of the Dungeon)
 g - a +0 short sword of venom
   (You found it on level 1 of the Dungeon)
Missiles
 d - 3 atropa-tipped darts
 i - 18 bolts
 s - 21 stones
Scrolls
 c - a scroll of noise {unknown}
 j - a scroll of torment {unknown}
 l - 2 scrolls of identify {unknown}
Potions
 h - 2 potions of curing {unknown}
 k - a potion of might {unknown}
 m - a potion of lignification {unknown}


   Skills:
 + Level 2.7 Dodging
 * Level 4.7 Stealth
 - Level 2.0 Spellcasting
 * Level 4.0 Ice Magic


You had 2 spell levels left.
You knew the following spells:

 Your Spells              Type           Power      Damage    Failure   Level
a - Freeze                Ice            60%        1d8       3%          1
b - Frozen Ramparts       Ice            30%        1d5       11%         3

Your spell library contained the following spells:

 Spells                   Type           Power      Damage    Failure   Level
 Summon Small Mammal      Summ           4%         N/A       19%         1
 Call Imp                 Summ           1%         N/A       28%         2
 Ozocubu's Armour         Ice            15%        N/A       11%         3
 Call Canine Familiar     Summ           1%         N/A       50%         3
 Summon Guardian Golem    Hex/Summ       1%         N/A       50%         3
 Hailstorm                Conj/Ice       8%         3d4       63%         4
 Summon Ice Beast         Ice/Summ       8%         N/A       63%         4
 Summon Lightning Spire   Summ/Air       1%         N/A       88%         4
 Metabolic Englaciation   Hex/Ice        4%         N/A       93%         5


Dungeon Overview and Level Annotations

Branches:
Dungeon (2/15)

Altars:

Shops:
D:1 *


Innate Abilities, Weirdness & Mutations

You cannot wear most types of armour.
You are amphibious.
You can wear up to eight rings at the same time.
Your skin changes colour to match your surroundings (Stealth+).
Your rubbery body absorbs attacks. (AC +1, EV +1)
((You are camouflaged near water. (Stealth+)))
You have tentacles for arms and can constrict up to eight enemies at once.


Message History

Done exploring.
Okay, then.
You aren't carrying any pieces of jewellery.
(D) Dungeon
Where to? (? - help)
There is a stone staircase leading down here.
You climb downwards.
A ball python and an adder come into view.
There is a stone staircase leading up here.
The helpless ball python fails to defend itself.
You puncture the ball python!
You kill the ball python!
The helpless adder fails to defend itself.
You puncture the adder! Your grab misses the adder.
The adder barely misses you. x2
You closely miss the adder. Your grab misses the adder.
The adder closely misses you.
You hit the adder. You grab the adder. You constrict the adder.
The adder bites you.
You are poisoned.
The adder poisons you!
You take 5 damage, and have 16/21 hp.
MASSIVE DAMAGE!!
Aim: an adder (severely wounded, constricted by you)
You freeze the adder.
You kill the adder!
You feel sick.
You take 2 damage, and have 14/21 hp.
You now have 5/6 mp.
(D) Dungeon
Where to? (Enter - D:2, ? - help)
You feel sick.
You feel sick.
You feel sick.
You feel sick.
There is a stone staircase leading up here.
You feel sick.
You climb upwards.
You feel sick.
You are no longer poisoned.
There is a stone staircase leading down here.
You take 6 damage, and have 8/21 hp.
MASSIVE DAMAGE!!
You start resting.
Health restored: 21; MP restored: 6 You climb downwards.
There is a stone staircase leading up here.
An adder comes into view.
l - 2 scrolls labelled XUEMPIELUNK (gained 1)
There is a stone staircase leading up here.
You climb upwards.
There is a stone staircase leading down here.
This spell is extremely dangerous to cast!
Memorise Frozen Ramparts, consuming 3 spell levels and leaving 2?
You start memorising the spell.
You continue memorising. x3
You finish memorising.
Spell assigned to 'b'.
Okay, then.
Done exploring.
You climb downwards.
There is a stone staircase leading up here.
An adder is nearby!
The adder hisses angrily.
Aim: an adder You freeze the adder.
The adder bites you.
You are poisoned.
The adder poisons you!
You take 5 damage, and have 16/21 hp.
MASSIVE DAMAGE!!
You now have 5/6 mp.
Aim: an adder (lightly wounded)
You freeze the adder.
The adder seems to slow down.
You feel sick. The adder bites you.
You take 4 damage, and have 12/21 hp.
You now have 4/6 mp.
Unknown command.
You closely miss the adder. Your grab misses the adder.
You squeeze the adder, but do no damage.
You feel sick.
The adder is no longer moving slowly.
The adder bites you.
You are lethally poisoned!
The adder poisons you!
You take 4 damage, and have 8/21 hp.
Unknown command.
You hit the adder. You grab the adder. You constrict the adder.
You feel sick. The adder bites you.
* * * LOW HITPOINT WARNING * * *
You are more poisoned.
The adder poisons you!
You take 4 damage, and have 4/21 hp.
Unknown command.
Unknown command.
Aim: an adder (heavily wounded, constricted by you)
You miscast Freeze.
You are very lightly contaminated with residual magic.
Nothing appears to happen.
You constrict the adder.
* * * LOW HITPOINT WARNING * * *
You feel sick. The adder completely misses you.
You take 2 damage, and have 2/21 hp.
You now have 3/6 mp.
Aim: an adder (severely wounded, constricted by you)
You freeze the adder.
You kill the adder!
You die...

#.... #...# #.# #.#
###.#######
#.#.#.....#
#...#...<.# #####
###.#.....###.P.#
#@#......#######
#†#............#
#.#...........##
...###.#.....#######
..............#
..............#
.........######
.........#
.........#


There were no monsters in sight!

Vanquished Creatures
  2 adders (D:2)
  3 dart slugs (D:1)
  A ball python (D:2)
  A bat (D:1)
  3 endoplasms (D:1)
  2 hobgoblins (D:1)
  5 jackals (D:1)
  6 kobolds (D:1)
  2 rats (D:1)
25 creatures vanquished.

Notes
Turn   | Place    | Note
-------+----------+-------------------------------------------
     0 | D:1      | sokol815 the Octopode Ice Elementalist began the quest for
                  | the Orb.
     0 | D:1      | Reached XP level 1. HP: 11/11 MP: 3/3
   251 | D:1      | Reached skill level 3 in Stealth
   443 | D:1      | Reached XP level 2. HP: 17/17 MP: 5/5
   692 | D:1      | Reached skill level 4 in Stealth
   771 | D:1      | Found Eteofol's General Store.
   878 | D:1      | Reached XP level 3. HP: 8/21 MP: 4/6
  1720 | D:1      | Learned a level 3 spell: Frozen Ramparts
  1747 | D:2      | HP: 4/21 [adder (3)]
  1749 | D:2      | Succumbed to an adder's poison

Illustrated notes

Levels and vault maps discovered:
D:1:      dpeg_arrival_water_temple_mockup, layout_basic, serial_shops, shop,
          kennysheep_nondescript
D:2:      layout_basic, serial_aquarium, aquarium_bridge_square
          [aquarium_subvault_window, aquarium_subvault_bridge,
          aquarium_subvault_wall, aquarium_subvault_window],
          aquarium_bridge_square [aquarium_subvault_bridge,
          aquarium_subvault_window, aquarium_subvault_wall,
          aquarium_subvault_wall], aquarium_window_fake, aquarium_window_double,
          aquarium_window_corridor_3, aquarium_window_1, aquarium_view_2f,
          aquarium_pool_2, basic_altar, shapermc_ecumenical_altar_notcrosses,
          uniq_robin

Skill      XL: |  1  2 |
---------------+-------+-----
Stealth        | 3 4 |  4.7
Dodging        | |  2.7
Spellcasting   | |  2.0
Ice Magic      | |  4.0

Action                   || total
-------------------------++-------
Melee: Whip              ||    12
       Constrict         ||    13
       Unarmed           ||     2
       Tentacles         ||     3
       Short sword       ||    26
       Dagger            ||     2
Throw: Dart              ||     2
 Cast: Freeze            ||    12
 Stab: Sleeping          ||     7
Armor: Skin              ||     1
Dodge: Dodged            ||    27

Table legend: (Time is in decaauts)
 A = Elapsed time spent in this place.
 B = Non-inter-level travel time spent in this place.
 C = Inter-level travel time spent in this place.
 D = Time resting spent in this place.
 E = Time spent auto-exploring this place.
 F = Levels seen in this place.
 G = Mean time per level.
                   A        B        C        D        E       F      G
               +--------+--------+--------+--------+--------+-----+--------+
         Total |   1752 |   1727 |     25 |    760 |    714 |   2 |  876.0 |
       Dungeon |   1752 |   1727 |     25 |    760 |    714 |   2 |  876.0 |
               +--------+--------+--------+--------+--------+-----+--------+

Top non-repeatable levels by time:
     D:1: 1673 daAuts
     D:2: 79 daAuts

Table legend:
 A = Kills in this place as a percentage of kills in entire the game.
 B = Kills by you in this place as a percentage of kills by you in the entire game.
 C = Kills by friends in this place as a percentage of kills by friends in the entire game.
 D = Other kills in this place as a percentage of other kills in the entire game.
 E = Experience gained in this place as a percentage of experience gained in the entire game.
 F = Experience gained in this place divided by the number of levels of this place that you have seen.
                   A       B       C       D       E      F
               +-------+-------+-------+-------+-------+----------------------
         Total | 100.0 | 100.0 |   N/A |   N/A | 100.0 |  36.0
       Dungeon | 100.0 | 100.0 |   N/A |   N/A | 100.0 |  36.0
               +-------+-------+-------+-------+-------+----------------------
